 Dungeon Sprint DCSS version 0.18-a0-1354-gbc5753f (webtiles) character file.

263 Kidiri the Covert (level 5, -6/27 HPs)
             Began as a Spriggan Enchanter on Feb 19, 2016.
             Mangled by a slime creature (19 damage)
             ... in the Dungeon (Sprint I: "Red Sonja").
             The game lasted 00:01:52 (448 turns).

Kidiri the Covert (Spriggan Enchanter)               Turns: 448, Time: 00:01:52

Health: -6/27      AC:  3    Str:  4    XL:     5   Next: 98%
Magic:  11/15      EV: 23    Int: 17    God:
Gold:   162        SH:  0    Dex: 17    Spells: 5 memorised, 5 levels left

rFire  . . .     SeeInvis +     a - +1 dagger
rCold  . . .     Gourm    .     b - +1 robe
rNeg   . . .     Faith    .     (shield restricted)
rPois  .         Spirit   .     (helmet restricted)
rElec  .         Dismiss  .     (no cloak)
rCorr  .         Reflect  .     (gloves unavailable)
SustAt .         Harm     .     (boots unavailable)
MR     .....     NoTele   +     (no amulet)
Stlth  +++++.....               (no ring)
                                (no ring)

@: very quick, not resistant to hostile enchantments, quite stealthy
A: unfitting armour, see invisible, herbivore 3, speed 3, slow metabolism 2
a: no special abilities


You were in the Dungeon.
You were not hungry.

You visited 1 branch You collected 162 gold pieces.

Inventory:

Hand Weapons
 a - a +1 dagger (weapon)
Armour
 b - a +1 robe (worn)
Scrolls
 j - a scroll of blinking
Potions
 e - a potion of curing
 f - a potion of heal wounds
 g - a potion of haste
 h - 2 potions of magic
 i - a potion of berserk rage
 k - 2 potions of lignification {unknown}
Books
 c - a book of Maledictions

   Spells                             Type                      Level
   a - Corona                         Hexes                        1
   b - Ensorcelled Hibernation        Hexes/Ice                    2
   c - Confuse                        Hexes                        3
   d - Tukima's Dance                 Hexes                        3
   e - Dazzling Spray                 Conjuration/Hexes            3
Comestibles
 d - a bread ration


   Skills:
 + Level 2.6 Fighting
 * Level 5.3 Short Blades
 + Level 2.5 Armour
 * Level 7.8 Dodging
 * Level 9.1 Stealth
 * Level 6.6 Spellcasting
 + Level 0.0 Conjurations
 + Level 5.6 Hexes
 + Level 2.4 Ice Magic


You had 5 spell levels left.
You knew the following spells:

 Your Spells              Type           Power        Failure   Level  Hunger
a - Corona                Hex            ###....      1%          1    None
b - Ensorcelled Hibernat  Hex/Ice        ###...       3%          2    None
c - Confuse               Hex            ###.....     4%          3    ##.....
d - Tukima's Dance        Hex            ###.....     4%          3    ##.....
e - Dazzling Spray        Conj/Hex       ###.....     14%         3    ##.....


Dungeon Overview and Level Annotations

Branches:
Dungeon (1/1)

Altars:
Cheibriados
Dithmenos
Fedhas
Jiyva


Innate Abilities, Weirdness & Mutations

You are tiny and cannot use many weapons and most armour.
You have supernaturally acute eyesight.
You are an herbivore.
You cover ground extremely quickly.
You need consume almost no food.


Message History

You now have 162 gold pieces (gained 27).
You open the door.
A slime creature comes into view.
Found four altars.
There is an open door here.
There is a snail-covered altar of Cheibriados here.
The helpless slime creature fails to defend itself.
You skewer the slime creature like a kebab!!!
The slime creature is almost dead.
The slime creature hits you!
Ouch! That really hurt!
Unknown command.
Casting: Ensorcelled Hibernation
Confirm with . or Enter, or press ? or * to list all spells.
Aiming: Ensorcelled Hibernation
Press: ? - help, Shift-Dir - straight line, f - slime creature
Aim: a slime creature (severely wounded, chance to defeat MR: 32%)
The slime creature easily resists.
The slime creature hits you!!
Ouch! That really hurt!
You die...

###################
#<.#..'..#.)'..#__#
#..'.)#..'..#..'.J+
#..#####+#####+#@_#
#..# #..# #### #..#
#### #..# #⌠⌠# ####


You could see a slime creature.

Vanquished Creatures
  Sigmund (D)
  An ogre (D)
  Ijyb (D)
3 creatures vanquished.

Vanquished Creatures (others)
  A gargoyle (D)
1 creature vanquished.

Grand Total: 4 creatures vanquished

Notes
Turn   | Place    | Note
--------------------------------------------------------------
     0 | D        | Kidiri the Spriggan Enchanter began the quest for the Orb.
     0 | D        | Reached XP level 1. HP: 9/9 MP: 5/5
     2 | D        | Noticed Ijyb
    13 | D        | Killed Ijyb
    13 | D        | Reached skill level 1 in Fighting
    13 | D        | Reached skill level 1 in Armour
    13 | D        | Reached skill level 5 in Stealth
    13 | D        | Reached XP level 2. HP: 9/14 MP: 4/7
    17 | D        | Learned a level 2 spell: Ensorcelled Hibernation
    28 | D        | Killed a gargoyle
   133 | D        | Noticed an ogre
   144 | D        | Killed an ogre
   144 | D        | Reached skill level 6 in Dodging
   144 | D        | Reached skill level 7 in Stealth
   144 | D        | Reached skill level 5 in Spellcasting
   144 | D        | Reached skill level 1 in Ice Magic
   144 | D        | Reached XP level 3. HP: 4/18 MP: 1/10
   144 | D        | Reached XP level 4. HP: 5/23 MP: 1/12
   409 | D        | Noticed Sigmund
   417 | D        | Killed Sigmund
   417 | D        | Reached skill level 5 in Short Blades
   417 | D        | Reached skill level 9 in Stealth
   417 | D        | Reached skill level 5 in Hexes
   417 | D        | Reached XP level 5. HP: 27/27 MP: 9/15
   422 | D        | Learned a level 3 spell: Confuse
   426 | D        | Learned a level 3 spell: Tukima's Dance
   430 | D        | Learned a level 3 spell: Dazzling Spray
   444 | D        | Found a snail-covered altar of Cheibriados.
   444 | D        | Found a viscous altar of Jiyva.
   444 | D        | Found a shadowy altar of Dithmenos.
   444 | D        | Found a blossoming altar of Fedhas.
   444 | D        | Noticed a slime creature
   448 | D        | Mangled by a slime creature

Vault maps used:
D:        dungeon_sprint_1

Action                   |  1- 3 |  4- 6 || total
-------------------------+-------+-------++-------
Melee: Dagger            |    10 |     3 ||    13
 Cast: Corona            |     1 |       ||     1
       Ensorcelled Hiber |     2 |     3 ||     5
 Stab: Sleeping          |     3 |     2 ||     5
